 Dungeon Crawl Stone Soup version 0.20-a0-967-g62cfa5d (webtiles) character file.

109 Jarlath the Chiller (level 4, -13/24 HPs)
             Began as a Deep Elf Ice Elementalist on Apr 7, 2017.
             Killed from afar by Jarlath's ghost (20 damage)
             ... with a shard of ice
             ... on level 4 of the Dungeon.
             The game lasted 00:01:53 (1453 turns).

Jarlath the Chiller (Deep Elf Ice Elementalist)     Turns: 1453, Time: 00:01:54

Health: -13/24     AC:  2    Str:  5    XL:     4   Next: 59%
Magic:  0/12       EV: 13    Int: 25    God:
Gold:   17         SH:  0    Dex: 15    Spells: 6/11 levels left

rFire    . . .     SeeInvis .   (no weapon)
rCold    . . .     Gourm    .   (no shield)
rNeg     . . .     Faith    .   a - +0 robe
rPois    .         Spirit   .   (no helmet)
rElec    .         Reflect  .   (no cloak)
rCorr    .         Harm     .   (no gloves)
MR       .....                  (no boots)
Stlth    ++........             (no amulet)
Regen    0.1/turn               e - +4 ring of intelligence
MPRegen  0.2/turn               (no ring)

@: very slightly contaminated, hasted, very quick
A: no striking features
a: no special abilities


You were on level 4 of the Dungeon.
You were not hungry.

You visited 1 branch of the dungeon, and saw 4 of its levels.

You collected 17 gold pieces.

Inventory:

Armour
 a - a +0 robe (worn)
Jewellery
 e - a +4 ring of intelligence (left hand)
Scrolls
 d - a scroll of fog {unknown}
 f - a scroll of identify {unknown}
 h - a scroll of remove curse {unknown}
 i - a scroll of amnesia {unknown}
Books
 b - a book of Frost

   Spells                             Type                      Level
   a - Freeze                         Ice                          1
   b - Throw Frost                    Conjuration/Ice              2
   c - Ozocubu's Armour               Charms/Ice                   3
   d - Throw Icicle                   Conjuration/Ice              4
   e - Summon Ice Beast               Ice/Summoning                4
Comestibles
 c - 2 bread rations
 g - a royal jelly


   Skills:
 - Level 0.1 Fighting
 - Level 2.5 Dodging
 - Level 2.9 Stealth
 + Level 4.4 Spellcasting
 * Level 1.1 Conjurations
 + Level 5.0 Ice Magic


You had 6 spell levels left.
You knew the following spells:

 Your Spells              Type           Power        Failure   Level  Hunger
a - Freeze                Ice            ####         1%          1    None
b - Throw Icicle          Conj/Ice       ###.....     28%         4    ####...


Dungeon Overview and Level Annotations

Branches:
Dungeon (4/15)
 Temple: D:4-7

Altars:

Annotations:
D:4 Jarlath's ghost, amateur DEIE


Message History

Press: ? - help, Shift-Dir - straight line, f/p - Jarlath's ghost
Aim: Jarlath's ghost (lightly damaged)
You miscast Throw Icicle.
You are very lightly contaminated with residual magic.
You are momentarily dazzled by a flash of light!
Casting: Throw Icicle
Confirm with . or Enter, or press ? or * to list all spells.
Aiming: Throw Icicle
Press: ? - help, Shift-Dir - straight line, f/p - Jarlath's ghost
Aim: Jarlath's ghost (lightly damaged)
The shard of ice hits Jarlath's ghost.
Jarlath's ghost is heavily damaged.
Jarlath's ghost casts a spell at you. The shard of ice hits you!
Ouch! That really hurt!
* * * LOW HITPOINT WARNING * * *
Jarlath's ghost gestures at you while chanting.
The shard of ice hits you!
Ouch! That really hurt!
You die...

#. #. .> #. #.
# #. .#
#.#######.####.
#.W....@.......
#.)....<.......
#..#####.####..
#$.# ... #..#
..## #... ...
#..# ..## #..#
.## .#


You could see Jarlath's ghost.

Vanquished Creatures
  Terence (D:3)
  An orc wizard (D:3)
  3 adders (D:3)
  An ooze (D:3)
  A leopard gecko (D:3)
  4 orcs (D:3)
  A giant cockroach (D:3)
  A goblin (D:3)
  2 hobgoblins
  5 bats
  A frilled lizard (D:1)
  3 kobolds
  3 rats
27 creatures vanquished.

Notes
Turn   | Place    | Note
-------+----------+-------------------------------------------
     0 | D:1      | Jarlath the Deep Elf Ice Elementalist began the quest for the Orb.
     0 | D:1      | Reached XP level 1. HP: 10/10 MP: 6/6
   442 | D:3      | Reached XP level 2. HP: 13/15 MP: 3/8
   456 | D:3      | Reached skill level 4 in Ice Magic
   655 | D:3      | Reached XP level 3. HP: 18/19 MP: 7/10
   677 | D:3      | Noticed Terence
   687 | D:3      | Killed Terence
   971 | D:4      | Noticed Jarlath's ghost (amateur DEIE)
   981 | D:3      | Reached XP level 4. HP: 24/24 MP: 8/12
   996 | D:3      | Learned a level 4 spell: Throw Icicle
  1292 | D:3      | Reached skill level 5 in Ice Magic
  1453 | D:4      | Killed from afar by Jarlath's ghost

Vault maps used:
D:1:      erik_arrival_blinker_ship, minmay_small_reverse_x
D:2:      chequers_temple_overflow_statue_of_worship, minmay_rat_gold_closets
D:3:      uniq_terence
D:4:      minmay_temple_entry_mist

Skill      XL: |  1  2  3  4 |
---------------+-------------+-----
Ice Magic      | 4 5 |  5.0
Spellcasting   | 4 |  4.4
Fighting       | |  0.1
Dodging        | |  2.5
Stealth        | |  2.9
Conjurations   | |  1.1

Action                   |  1- 3 |  4- 6 || total
-------------------------+-------+-------++-------
Melee: Unarmed           |     3 |     3 ||     6
 Cast: Freeze            |    33 |    15 ||    48
       Throw Icicle      |       |     3 ||     3
  Use: Potion            |       |     1 ||     1
 Stab: Sleeping          |     2 |       ||     2
  Eat: Chunk             |       |     2 ||     2
Armor: Robe              |     8 |     3 ||    11
Dodge: Dodged            |    20 |     5 ||    25
